 Dungeon Crawl Stone Soup version 0.30-a0-862-g1aabd4f9c5 (webtiles) character file.

Game seed: 12164859127211471223

35 Zenkrye the Poker (level 3, -6/29 HPs)
             Began as a Human Cinder Acolyte on Mar 8, 2023.
             Was a High Priest of Ignis.
             Mangled by a gnoll
             ... wielding a +0 whip
              (8 damage)
             ... on level 2 of the Dungeon.
             The game lasted 00:02:57 (796 turns).

Zenkrye the Poker (Human Cinder Acolyte)             Turns: 796, Time: 00:02:57

Health: -6/29      AC:  3    Str: 16    XL:     3   Next: 52%
Magic:  3/5        EV: 10    Int: 14    God:    Ignis [*****.]
Gold:   64         SH:  2    Dex:  8    Spells: 2/4 levels left

rFire   + . .      SeeInvis .    a - -1 spear (flame)
rCold   . . .      Faith    .    k - +0 buckler
rNeg    . . .      Spirit   .    j - +0 leather armour
rPois   .          Reflect  .    (no helmet)
rElec   .          Rampage  .    (no cloak)
rCorr   .                        (no gloves)
Will    .....                    (no boots)
Stlth   +                        (no amulet)
HPRegen 0.24/turn                (no ring)
MPRegen 0.09/turn                (no ring)

@: about to teleport
A: no striking features
a: Renounce Religion, Fiery Armour, Foxfire Swarm, Rising Flame


You were on level 2 of the Dungeon.
You worshipped Ignis.
Ignis was extremely pleased with you.
You visited 1 branch of the dungeon, and saw 2 of its levels.

You collected 64 gold pieces.

Inventory:

Hand Weapons
 a - a -1 spear of flaming (weapon)
Missiles
 e - 3 poisoned darts (quivered)
 i - 5 datura-tipped darts
Armour
 b - a +0 robe
 j - a +0 leather armour (worn)
 k - a +0 buckler (worn)
Magical Staves
 c - a staff of poison
Scrolls
 d - a scroll of amnesia
 g - a scroll of teleportation {@r3}
 l - a scroll of fog {unknown}
Potions
 f - 2 potions of resistance {@q6}
 h - a potion of lignification


   Skills:
 - Level 3.0 Fighting
 * Level 3.7 Polearms
 + Level 1.3 Spellcasting
 + Level 3.4 Fire Magic


You had 2 spell levels left.
You knew the following spells:

 Your Spells              Type           Power      Damage    Failure   Level
a - Scorch                Fire           20%        2d6       16%         2

Your spell library contained the following spells:

 Spells                   Type           Power      Damage    Failure   Level
 Magic Dart               Conj           0%         1d3       38%         1
 Searing Ray              Conj           0%         2d4       54%         2
 Fulminant Prism          Conj/Hex       0%         3d5       99%         4


Dungeon Overview and Level Annotations

Branches:
Dungeon (2/15)

Altars:


Message History

The gnoll is poisoned.
A gnoll comes into view. It is wielding a +0 whip.
Throw: 5 darts (poison)
Press: ? - help, Q - select action, (/) - cycle Shift-Dir - straight line, f/p - gnoll
Aim: a gnoll, wielding a +0 whip (poisoned, 58% to hit)
You throw a poisoned dart.
The poisoned dart barely misses the gnoll.
Throw: 4 darts (poison)
Press: ? - help, Q - select action, (/) - cycle Shift-Dir - straight line, f/p - gnoll
Aim: a gnoll, wielding a +0 whip (lightly wounded, poisoned, 58% to hit)
You throw a poisoned dart. The poisoned dart hits the gnoll.
The gnoll is lightly wounded.
Casting: Scorch (safe; 16% risk of failure)
Confirm with . or Enter, or press ? or * to list all spells.
Flames lash the gnoll.
The gnoll is severely wounded.
The gnoll's fire resistance burns away.
You hear a shout!
A rat comes into view.
You hit the gnoll. You burn the gnoll.
You kill the gnoll!
Things that are here:
a +0 whip; a gnoll corpse The gnoll hits you with a +0 whip.
The gnoll hits you from afar with a +0 halberd.
The gnoll attacks as you move away! The gnoll barely misses you.
The gnoll attacks as you move away! You block the gnoll's attack.
The gnoll attacks as you move away! The gnoll hits you with a +0 whip.
The gnoll attacks as you move away! The gnoll hits you with a +0 whip.
You see here a rat corpse.
The gnoll attacks as you move away! The gnoll hits you with a +0 whip!
The gnoll attacks as you move away! The gnoll hits you with a +0 whip!
* * * LOW HITPOINT WARNING * * *
Okay, then.
Unknown command.
As you read the scroll of teleportation {@r3}, it crumbles to dust.
You feel strangely unstable. The gnoll hits you with a +0 whip.
* * * LOW HITPOINT WARNING * * *
The gnoll attacks as you move away! The gnoll hits you with a +0 whip!
You die...

##.....).+.........'
#........##.........#
#.###.##.###.......##
#. #..##.# ##.....##
#.##.###.# ##...##
#........# ##+##
####.##### #.# #.#
#.# #@# ##.## #g#
##...## #g####
#.....# # #.r..#
##...###. ####.#
##.###..
#.#######.##.#
#..†.r......)#
#########.##.#
#(###.r


You could see 2 gnolls and a rat.

Vanquished Creatures
  A gnoll (D:2)
  A bat (D:1)
  2 endoplasms (D:1)
  4 giant cockroaches (D:1)
  2 goblins (D:1)
  2 hobgoblins (D:1)
  4 ball pythons (D:1)
  3 frilled lizards (D:1)
  4 kobolds (D:1)
  3 rats
26 creatures vanquished.

Vanquished Creatures (others)
  2 withered plants (D:1)
2 creatures vanquished.

Grand Total: 28 creatures vanquished

Notes
Turn   | Place    | Note
-------+----------+-------------------------------------------
     0 | D:1      | Zenkrye the Human Cinder Acolyte began the quest for the
                  | Orb.
     0 | D:1      | Reached XP level 1. HP: 18/18 MP: 2/2
   142 | D:1      | Reached XP level 2. HP: 24/24 MP: 3/3
   145 | D:1      | Learned a level 2 spell: Scorch
   314 | D:1      | Found a faded altar of an unknown god.
   412 | D:1      | Reached XP level 3. HP: 29/29 MP: 4/4
   796 | D:2      | Mangled by a gnoll

Illustrated notes

Levels and vault maps discovered:
D:1:      dpeg_arrival_arbitrary_b, layout_basic,
          ebering_ecumenical_altar_petrified, minmay_tromino_v4_a
D:2:      layout_loops_corners, basic_altar, uniq_natasha

Action                     || total
---------------------------++-------
  Melee: Spear             ||    56
  Throw: Dart              ||     6
   Cast: Scorch            ||     3
    Use: Scroll            ||     7
   Stab: Sleeping          ||     1
 Armour: Robe              ||     6
  Dodge: Dodged            ||    11
  Block: Buckler           ||     1

Table legend: (Time is in decaauts)
 A = Elapsed time spent in this place.
 B = Non-inter-level travel time spent in this place.
 C = Inter-level travel time spent in this place.
 D = Time resting spent in this place.
 E = Time spent auto-exploring this place.
 F = Levels seen in this place.
 G = Mean time per level.
                   A        B        C        D        E       F      G
               +--------+--------+--------+--------+--------+-----+--------+
         Total |    792 |    768 |     24 |      0 |    553 |   2 |  396.0 |
       Dungeon |    792 |    768 |     24 |      0 |    553 |   2 |  396.0 |
               +--------+--------+--------+--------+--------+-----+--------+

Top non-repeatable levels by time:
     D:1: 657 daAuts
     D:2: 134 daAuts
